 Dungeon Crawl Stone Soup version 0.31.0-12-g77e489cdc1 (webtiles) character file.

Game seed: 3145962743886696907

5126 aduken the Magician (level 10, 0/75 HPs)
             Began as a Gnoll Fire Elementalist on Feb 24, 2024.
             Was a Believer of Vehumet.
             Slain by a black mamba (16 damage)
             ... on level 1 of the Lair of Beasts.
             The game lasted 00:32:51 (10024 turns).

aduken the Magician (Gnoll Fire Elementalist)      Turns: 10024, Time: 00:32:51

Health: 0/75       AC:  4    Str:  7    XL:     10   Next: 58%
Magic:  10/21      EV: 15    Int: 23    God:    Vehumet [**....]
Gold:   498        SH:  0    Dex: 13    Spells: 4/24 levels left

rFire   + . .        z - +5 rapier of the Mauling Gods {speed, Int+4}
rCold   + . .        (no shield)
rNeg    . . .        D - +1 robe {rC+}
rPois   +            (no helmet)
rElec   .            (no cloak)
rCorr   .            l - +0 pair of gloves
SInv    .            (no boots)
Will    .....        N - amulet of regeneration
Stlth   +++          M - ring of protection from fire
HPRegen 1.12/turn    c - ring of poison resistance
MPRegen 0.17/turn

%: no passive effects
@: no status effects
A: fangs 1, strong nose, distributed training
a: Renounce Religion


You were on level 1 of the Lair of Beasts.
You worshipped Vehumet.
Vehumet was pleased with you.
You visited 3 branches of the dungeon, and saw 11 of its levels.

You collected 498 gold pieces.

Inventory:

Hand Weapons
 f - a +3 trident of draining
 s - a +2 spear of venom
 z - the +5 rapier of the Mauling Gods (weapon) {speed, Int+4}
   (You found it on level 3 of the Dungeon)

   Int+4:     It affects your intelligence (+4).
 E - a +2 shortbow of freezing
Missiles
 a - 6 boomerangs
 j - 2 throwing nets
 p - 23 poisoned darts
 x - 11 javelins
 y - 11 stones
Armour
 h - an orb of guile
 l - a +0 pair of gloves (worn)
 D - a +1 robe of cold resistance (worn)
 P - an orb of mayhem
Jewellery
 c - a ring of poison resistance (right hand)
 w - a ring of willpower
 M - a ring of protection from fire (left hand)
 N - an amulet of regeneration (around neck)
Talismans
 u - a flux talisman
Wands
 v - a wand of polymorph (11)
 C - a wand of acid (10)
 J - a wand of flame (57)
 Q - a wand of digging (2)
Scrolls
 g - a scroll of vulnerability {unknown}
 n - a scroll of butterflies {unknown}
 q - a scroll of revelation {unknown}
 A - 2 scrolls of fear {unknown}
 B - 3 scrolls of noise {unknown}
 H - a scroll of blinking {unknown}
 I - 2 scrolls of amnesia {unknown}
 K - a scroll of enchant armour {unknown}
 O - 2 scrolls of teleportation {unknown}
Potions
 b - a potion of magic
 d - 2 potions of lignification
 e - 2 potions of curing
 i - a potion of ambrosia {unknown}
 k - 5 potions of enlightenment
 m - 4 potions of haste {unknown}
 o - a potion of invisibility {unknown}
 r - 3 potions of mutation {unknown}
 t - a potion of resistance {unknown}
 F - a potion of brilliance {unknown}
 G - 2 potions of attraction {unknown}
 L - 2 potions of heal wounds {unknown}


   Skills:
 + Level 5.6 Fighting
 + Level 5.6 Short Blades
 + Level 5.6 Long Blades
 + Level 5.6 Axes
 + Level 5.6 Maces & Flails
 + Level 5.6 Polearms
 + Level 5.6 Staves
 + Level 5.6 Ranged Weapons
 + Level 5.6 Throwing
 + Level 5.6 Armour
 + Level 7.3 Dodging
 + Level 7.1 Stealth
 + Level 5.6 Shields
 + Level 5.6 Unarmed Combat
 + Level 7.6 Spellcasting
 + Level 5.1 Conjurations
 + Level 4.6 Hexes
 + Level 4.6 Summonings
 + Level 4.6 Necromancy
 + Level 4.6 Translocations
 + Level 7.2 Fire Magic
 + Level 4.6 Ice Magic
 + Level 4.6 Air Magic
 + Level 4.6 Earth Magic
 + Level 4.6 Alchemy
 + Level 6.2 Invocations
 + Level 5.6 Evocations
 + Level 5.1 Shapeshifting


You had 4 spell levels left.
You knew the following spells:

 Your Spells              Type           Power      Damage    Failure   Level
a - Foxfire               Conj/Fire      100%       2x1d9     1%          1
b - Scorch                Fire           84%        2d8       1%          2
c - Inner Flame           Hex/Fire       36%        N/A       1%          3
d - Blink                 Tloc           60%        N/A       1%          2
e - Flame Wave            Conj/Fire      37%        2d10      5%          4
f - Mercury Vapours       Alch/Air       60%        N/A       1%          2
g - Volatile Blastmotes   Fire/Tloc      72%        2d16      1%          3
h - Hailstorm             Conj/Ice       31%        3d8       2%          3

Your spell library contained the following spells:

 Spells                   Type           Power      Damage    Failure   Level
 Magic Dart               Conj           100%       1d8       1%          1
 Call Imp                 Summ           60%        N/A       1%          2
 Ensorcelled Hibernation  Hex/Ice        60%        N/A       1%          2
 Passwall                 Erth           30%        N/A       3%          3
 Swiftness                Air            30%        N/A       3%          3


Dungeon Overview and Level Annotations

Branches:
Dungeon (9/15)             Temple (1/1) D:4            Lair (1/5) D:8
    Orc: D:9-12

Altars:
Ashenzari
Cheibriados
Dithmenos
Elyvilon
Fedhas
Gozag
Kikubaaqudgha
Makhleb
Nemelex Xobeh
Okawaru
Qazlal
Ru
Sif Muna
Trog
Uskayaw
Vehumet
Wu Jian
Xom
Yredelemnul
The Shining One

Shops:
D:4 [

Annotations:
D:3 1 runed translucent door, Crazy Yiuf


Innate Abilities, Weirdness & Mutations

You have very sharp teeth.
Your uncanny sense of smell can sniff out nearby items.
Your experience applies equally to all skills.


Message History

Okay, then.
Casting: Inner Flame (safe; 1% risk of failure)
Confirm with . or Enter, or press ? or * to list all spells.
A cloud of volatile blastmotes flares up around you!
Run!
The blink frog gives a loud, deep croak!
The blink frog blinks!
The black mamba completely misses you.
The blink frog blinks!
The black mamba attacks as it pursues you!
The black mamba bites you.
* * * LOW HITPOINT WARNING * * *
The cloud of blastmotes explodes!
The concussive blast engulfs the black mamba!
Flame seeps out of the black mamba.
The black mamba is moderately wounded.
The concussive blast engulfs you. You resist.
* * * LOW HITPOINT WARNING * * *
You are knocked back by the blast.
The black mamba is engulfed in blazing flames.
Flame seeps out of the black mamba.
The blink frog blinks!
You closely miss the black mamba.
The black mamba is heavily wounded.
The black mamba completely misses you.
Casting: Volatile Blastmotes (safe; 1% risk of failure)
Confirm with . or Enter, or press ? or * to list all spells.
Okay, then.
Okay, then.
Casting: Volatile Blastmotes (safe; 1% risk of failure)
Confirm with . or Enter, or press ? or * to list all spells.
Aiming: Mercury Vapours (safe; 1% risk of failure)
Press: ? - help, Dir - move target, f/p - black mamba
Aim: a black mamba (heavily wounded, inner flame, chance to weaken: 75%)
Okay, then.
Casting: Mercury Vapours (safe; 1% risk of failure)
Confirm with . or Enter, or press ? or * to list all spells.
Flames lash the black mamba.
Flame seeps out of the black mamba.
The black mamba is severely wounded.
The black mamba's fire resistance burns away.
The black mamba is engulfed in blazing flames.
Flame seeps out of the black mamba.
The black mamba bites you!
You die...

................. .......
.................. .....#
#.###...###.##.... #....# #
####...........+ #....#
###.##P.#........# .
#....###..##P..#........# ..
##....##P..###..#........# ...
#.....###...##..#........+ ..
#..FF§°S@.##............#
#.##....###...##..#........#
#####..§...###'###...##.#.#.##.
........F...##.####............
....../.....##'.###............
.....†.........................
..............................
###.#?.......................
...#F...###.+#..#....######


You could see a black mamba (inner flame, combustible) and 2 blink frogs.

Vanquished Creatures
  A cyclops (D:6)
  An unseen horror (D:6)
  Jeremiah (D:7)
  A blink frog (Lair:1)
  A steam dragon (D:6)
  7 water moccasins
  2 black bears
  An ice beast (D:7)
  2 orc warriors
  A sky beast (D:7)
  3 ogres
  2 centaurs
  A kobold brigand (D:7)
  Blork the orc (D:4)
  4 bullfrogs
  A gnoll sergeant (D:7)
  2 scorpions (D:5)
  6 wights
  3 howler monkeys
  A bombardier beetle (D:3)
  5 hounds
  4 jellies
  5 orc priests
  2 sleepcaps (D:6)
  2 gnoll boudas (D:6)
  Ijyb (D:3)
  Natasha (thrice) (D:3)
  Terence (D:3)
  6 iguanas
  2 orc wizards (D:4)
  7 gnolls
  10 adders
  3 ufetubi (D:6)
  3 dart slugs
  A ribbon worm (D:6)
  24 orcs
  10 endoplasms
  2 giant cockroaches
  8 goblins
  12 hobgoblins
  14 kobolds
  2 quokkas
  4 ball pythons
  7 bats
  4 frilled lizards
  9 rats
  A butterfly (D:4)
194 creatures vanquished.

Vanquished Creatures (collateral kills)
  5 foxfires (D:6)
5 creatures vanquished.

Vanquished Creatures (others)
  715 foxfires
715 creatures vanquished.

Grand Total: 914 creatures vanquished

Notes
Turn   | Place    | Note
-------+----------+-------------------------------------------
     0 | D:1      | aduken the Gnoll Fire Elementalist began the quest for the
                  | Orb.
     0 | D:1      | Reached XP level 1. HP: 13/13 MP: 6/6
   260 | D:1      | Reached XP level 2. HP: 19/19 MP: 3/7
   813 | D:1      | Learned a level 2 spell: Scorch
   817 | D:1      | Reached skill level 5 in Spellcasting
   817 | D:1      | Reached XP level 3. HP: 25/25 MP: 3/9
  1146 | D:1      | Reached skill level 1 in Invocations
  1666 | D:2      | Reached skill level 1 in Fighting
  1666 | D:2      | Reached skill level 1 in Short Blades
  1666 | D:2      | Reached skill level 1 in Long Blades
  1666 | D:2      | Reached skill level 1 in Axes
  1666 | D:2      | Reached skill level 1 in Maces & Flails
  1666 | D:2      | Reached skill level 1 in Polearms
  1666 | D:2      | Reached skill level 1 in Staves
  1666 | D:2      | Reached skill level 1 in Ranged Weapons
  1666 | D:2      | Reached skill level 1 in Throwing
  1666 | D:2      | Reached skill level 1 in Armour
  1666 | D:2      | Reached skill level 1 in Shields
  1666 | D:2      | Reached skill level 1 in Unarmed Combat
  1666 | D:2      | Reached skill level 1 in Evocations
  2201 | D:2      | Reached skill level 1 in Shapeshifting
  2201 | D:2      | Reached XP level 4. HP: 32/32 MP: 8/11
  2492 | D:3      | Noticed Natasha
  2499 | D:3      | Killed Natasha
  2500 | D:3      | Reached skill level 1 in Hexes
  2500 | D:3      | Reached skill level 1 in Summonings
  2500 | D:3      | Reached skill level 1 in Necromancy
  2500 | D:3      | Reached skill level 1 in Translocations
  2500 | D:3      | Reached skill level 1 in Ice Magic
  2500 | D:3      | Reached skill level 1 in Air Magic
  2500 | D:3      | Reached skill level 1 in Earth Magic
  2500 | D:3      | Reached skill level 1 in Alchemy
  2707 | D:3      | Noticed Terence
  2709 | D:3      | Reached XP level 5. HP: 37/37 MP: 12/12
  2714 | D:3      | Killed Terence
  2714 | D:3      | Noticed Ijyb
  2738 | D:3      | Killed Ijyb
  2815 | D:3      | Found a blossoming altar of Fedhas.
  2844 | D:3      | Noticed Natasha
  2855 | D:3      | Killed Natasha
  2954 | D:3      | Noticed Natasha
  2957 | D:3      | Killed Natasha
  3043 | D:3      | Reached XP level 6. HP: 44/44 MP: 8/13
  3192 | D:3      | Identified the +5 rapier of the Mauling Gods {speed, Int+4}
  3221 | D:3      | Learned a level 3 spell: Inner Flame
  3225 | D:3      | Learned a level 2 spell: Blink
  3506 | D:3      | Reached skill level 5 in Dodging
  3579 | D:3      | Found a runed translucent door.
  3580 | D:3      | Noticed Crazy Yiuf
  3807 | D:4      | Found a staircase to the Ecumenical Temple.
  3815 | Temple   | Entered the Ecumenical Temple
  3833 | Temple   | Became a worshipper of Vehumet
  4107 | D:4      | Reached XP level 7. HP: 51/51 MP: 2/15
  4455 | D:4      | Noticed Blork the orc
  4460 | D:4      | Killed Blork the orc
  4461 | D:4      | Reached skill level 5 in Stealth
  4944 | D:4      | Found Ufat's Antique Armour Shoppe.
  5047 | D:5      | Entered Level 5 of the Dungeon
  5121 | D:5      | Reached XP level 8. HP: 58/58 MP: 13/16
  5336 | D:5      | Reached * piety under Vehumet
  5336 | D:5      | Offered knowledge of Sandblast by Vehumet.
  6175 | D:6      | Found a bloodstained altar of Trog.
  6184 | D:6      | Found a broken altar of Ashenzari.
  6406 | D:6      | Noticed a cyclops
  6752 | D:6      | Reached XP level 9. HP: 65/65 MP: 9/18
  6827 | D:6      | Found a snail-covered altar of Cheibriados.
  6934 | D:6      | Killed an unseen horror
  7144 | D:6      | Killed a cyclops
  7145 | D:6      | Reached skill level 5 in Invocations
  7736 | D:7      | Noticed Jeremiah
  7747 | D:7      | Killed Jeremiah
  7872 | D:7      | Learned a level 4 spell: Flame Wave
  7885 | D:7      | Offered knowledge of Mercury Vapours by Vehumet.
  7885 | D:7      | Reached ** piety under Vehumet
  7887 | D:7      | Reached skill level 5 in Fighting
  7887 | D:7      | Reached skill level 5 in Short Blades
  7887 | D:7      | Reached skill level 5 in Long Blades
  7887 | D:7      | Reached skill level 5 in Axes
  7887 | D:7      | Reached skill level 5 in Maces & Flails
  7887 | D:7      | Reached skill level 5 in Polearms
  7887 | D:7      | Reached skill level 5 in Staves
  7887 | D:7      | Reached skill level 5 in Ranged Weapons
  7887 | D:7      | Reached skill level 5 in Throwing
  7887 | D:7      | Reached skill level 5 in Armour
  7887 | D:7      | Reached skill level 5 in Shields
  7887 | D:7      | Reached skill level 5 in Unarmed Combat
  7887 | D:7      | Reached skill level 5 in Evocations
  7887 | D:7      | Reached XP level 10. HP: 74/74 MP: 13/20
  7891 | D:7      | Learned a level 2 spell: Mercury Vapours
  8952 | D:7      | Learned a level 3 spell: Volatile Blastmotes
  9005 | D:8      | Reached skill level 5 in Conjurations
  9067 | D:8      | Found a staircase to the Lair.
  9488 | D:8      | Offered knowledge of Hailstorm by Vehumet.
  9489 | D:8      | Reached skill level 5 in Shapeshifting
  9493 | D:8      | Learned a level 3 spell: Hailstorm
  9774 | Lair:1   | Entered Level 1 of the Lair of Beasts
  9870 | Lair:1   | Noticed a black mamba
  9870 | Lair:1   | Noticed a cane toad
 10024 | Lair:1   | Slain by a black mamba

Illustrated notes

Levels and vault maps discovered:
D:1:      ebering_trefoil_3fold, layout_basic, serial_curves, eino_curves_03,
          eino_curves_01
D:2:      cheibrodos_old_hovel, layout_loops_ring, item_on_display_a
D:3:      layout_loops_ring, mainiacjoe_overflow_alcove_2, uniq_terence,
          uniq_natasha, uniq_ijyb, uniq_crazy_yiuf_cottage
D:4:      layout_basic, minmay_temple_entry_butterflies, serial_shops,
          nicolae_shop_temple_entry_statues_fountains, uniq_blork_the_orc
D:5:      layout_rooms
D:6:      minmay_opposing_rooms, layout_basic, mainiacjoe_overflow_swirl,
          cheibrodos_worm_habitat, dreamdust_princess_bridge
D:7:      layout_gridville, uniq_jeremiah
D:8:      layout_basic, dpeg_oklobed_lair
D:9:      layout_loops_ring
Temple:   eino_temple_scatter_basement
Lair:1:   layout_regular_city, basic_altar

Skill      XL: |  1  2  3  4  5  6  7  8  9 10 |
---------------+-------------------------------+-----
Conjurations   | 2 3 4 5 |  5.1
Spellcasting   | 5 6 7 |  7.6
Invocations    | 1 2 3 4 5 6 |  6.2
Fighting       | 1 2 3 4 5 |  5.6
Short Blades   | 1 2 3 4 5 |  5.6
Long Blades    | 1 2 3 4 5 |  5.6
Axes           | 1 2 3 4 5 |  5.6
Maces & Flails | 1 2 3 4 5 |  5.6
Polearms       | 1 2 3 4 5 |  5.6
Staves         | 1 2 3 4 5 |  5.6
Ranged Weapons | 1 2 3 4 5 |  5.6
Throwing       | 1 2 3 4 5 |  5.6
Armour         | 1 2 3 4 5 |  5.6
Shields        | 1 2 3 4 5 |  5.6
Unarmed Combat | 1 2 3 4 5 |  5.6
Evocations     | 1 2 3 4 5 |  5.6
Shapeshifting  | 1 2 3 4 5 |  5.1
Hexes          | 1 2 3 4 |  4.6
Summonings     | 1 2 3 4 |  4.6
Necromancy     | 1 2 3 4 |  4.6
Translocations | 1 2 3 4 |  4.6
Ice Magic      | 1 2 3 4 |  4.6
Air Magic      | 1 2 3 4 |  4.6
Earth Magic    | 1 2 3 4 |  4.6
Alchemy        | 1 2 3 4 |  4.6
Dodging        | 5 6 7 |  7.3
Stealth        | 5 6 7 |  7.1
Fire Magic     | 6 7 |  7.2

Action                     |  1- 3 |  4- 6 |  7- 9 | 10-12 || total
---------------------------+-------+-------+-------+-------++-------
  Melee: Unarmed           |     3 |       |       |       ||     3
         Dagger            |    11 |    22 |       |       ||    33
         Bite              |     1 |     3 |       |       ||     4
         Punch             |     1 |       |       |       ||     1
         Rapier            |       |     9 |    11 |     6 ||    26
   Cast: Foxfire           |    68 |    51 |   210 |    96 ||   425
         Scorch            |    17 |    36 |    36 |    23 ||   112
         Inner Flame       |       |       |     3 |     4 ||     7
         Volatile Blastmot |       |       |       |     1 ||     1
    Use: Scroll            |       |     3 |     2 |     1 ||     6
   Stab: Sleeping          |       |     1 |       |       ||     1
 Armour: Robe              |    12 |     9 |    26 |    15 ||    62
         Skin              |       |    14 |       |       ||    14
  Dodge: Dodged            |    12 |    14 |    23 |     9 ||    58
